[Event "42nd Olympiad Baku 2016 Open"]
[Site "Baku"]
[Date "2016.09.05"]
[Round "4.3"]
[White "Chavez, Hector Eduardo"]
[Black "Dive, Russell John"]
[Result "1/2-1/2"]
[ECO "B12"]
[WhiteElo "2077"]
[BlackElo "2309"]
[Annotator ""]
[PlyCount "98"]
[EventDate "2016.??.??"]
[EventCountry "AZE"]
[SourceTitle "playchess.com"]
[Source "ChessBase"]
[WhiteTeam "El Salvador"]
[BlackTeam "New Zealand"]
[WhiteTeamCountry "ESA"]
[BlackTeamCountry "NZL"]
[TimeControl "40/5400+30:1800+30"]

1. e4 {(00:00)} c6 {(00:00)} 2. d4 {(00:08)} d5 {(
00:00)} 3. e5 {(00:15)} c5 {(00:00)} 4. c3 {(00:51)} Nc6 {
(01:02)} 5. Nf3 {(01:27)} Bg4 {(00:28)} 6. dxc5 {(
04:44)} e6 {(01:59)} 7. Be3 {(02:00)} Bxf3 {(15:21)} 8.
Qxf3 {(03:04)} Nxe5 {(00:24)} 9. Bb5+ {(01:47)} Nc6 {
(00:43)} 10. O-O {(10:42)} Nf6 {(00:16)} 11. c4 {(
07:20)} a6 {(04:06)} 12. cxd5 {(05:05)} Qxd5 {(00:42)} 13.
Bxc6+ {(01:44)} bxc6 {(00:31)} 14. Qe2 {(11:49)} Be7 {
(03:01)} 15. Nc3 {(02:22)} Qf5 {(01:20)} 16. b4 {(
03:48)} O-O {(00:49)} 17. h3 {(03:10)} a5 {(05:29)} 18. a3
{(00:55)} Rfb8 {(00:38)} 19. Rab1 {(08:39)} axb4 {(
12:25)} 20. axb4 {(00:34)} Ne4 {(12:06)} 21. Qc4 {(15:41)}
Nxc3 {(05:32)} 22. Qxc3 {(00:08)} Bf6 {(00:36)} 23. Bd4 {
(01:24)} Bxd4 {(00:09)} 24. Qxd4 {(00:05)} Rd8 {(
00:08)} 25. Qc4 {(01:04)} Rd5 {(04:22)} 26. Ra1 {(01:47)}
Rxa1 {(02:18)} 27. Rxa1 {(00:08)} h6 {(00:09)} 28. Rf1 {
(03:44)} Rd2 {(04:51)} 29. Qc3 {(02:46)} Qd5 {(02:
37)} 30. b5 {(03:28)} cxb5 31. c6 {(00:22)} Rd1 {(18:54)}
32. Rxd1 {(02:17)} Qxd1+ {(00:08)} 33. Kh2 {(00:01)} Qd6+
{(00:10)} 34. g3 {(00:25)} b4 {(01:46)} 35. Qc4 {(
00:22)} Qc7 {(01:05)} 36. Qb5 {(00:08)} Qa7 {(00:53)} 37.
Kg2 {(00:07)} b3 {(01:50)} 38. Qxb3 {(00:34)} Qc5 {
(01:05)} 39. Qb8+ {(00:21)} Kh7 {(00:07)} 40. c7 {(
00:00)} Qd5+ {(00:00)} 41. Kh2 {(00:38)} Qc5 {(02:15)} 42.
Kg2 {(04:54)} Qc6+ {(05:07)} 43. Kf1 {(01:13)} Qc1+ {
(00:28)} 44. Ke2 {(00:44)} Qc2+ {(00:08)} 45. Kf1 {
(00:10)} Qc1+ {(00:07)} 46. Kg2 {(00:06)} Qc6+ {(
00:05)} 47. Kh2 {(00:18)} Qc5 {(00:20)} 48. Kg2 {(01:36)}
Qc6+ {(00:04)} 49. Kh2 {(00:05)} Qc5 1/2-1/2

[Event "42nd Olympiad Baku 2016 Open"]
[Site "Baku"]
[Date "2016.09.05"]
[Round "4.36"]
[White "Chimbamu, Elisha"]
[Black "Al Khateeb, Taher"]
[Result "1-0"]
[ECO "A06"]
[WhiteElo "2114"]
[BlackElo "2002"]
[Annotator ""]
[PlyCount "61"]
[EventDate "2016.??.??"]
[EventCountry "AZE"]
[SourceTitle "playchess.com"]
[Source "ChessBase"]
[WhiteTeam "Zimbabwe"]
[BlackTeam "Kuwait"]
[WhiteTeamCountry "ZIM"]
[BlackTeamCountry "KUW"]
[TimeControl "40/5400+30:1800+30"]

1. Nf3 {(00:00)} d5 {(00:00)} 2. d4 {(00:00)} Bf5 {
(00:02)} 3. g3 {(00:39)} c6 {(00:13)} 4. Bg2 {(00:
05)} e6 {(00:43)} 5. O-O {(00:22)} Nf6 {(00:04)} 6. c4
Nbd7 {(00:32)} 7. Nbd2 {(04:13)} Be7 {(02:19)} 8. b3 {
(01:07)} Ne4 {(01:16)} 9. Bb2 {(01:26)} O-O {(01:
16)} 10. Ne1 {(10:32)} Nxd2 {(05:18)} 11. Qxd2 {(00:05)}
Nf6 {(08:10)} 12. Nd3 {(07:50)} a5 13. f3 {(12:32)} a4 {
(20:03)} 14. c5 {(08:32)} Nd7 {(09:22)} 15. b4 {(
07:02)} Bxd3 {(04:56)} 16. Qxd3 {(00:10)} b6 {(03:11)} 17.
Rac1 {(08:10)} b5 {(06:06)} 18. e4 {(01:08)} dxe4 {
(14:25)} 19. fxe4 {(00:29)} Ne5 {(00:45)} 20. Qe2 {
(02:32)} Nc4 {(01:05)} 21. Rxc4 {(03:44)} bxc4 {(
00:08)} 22. Qxc4 {(00:05)} a3 {(02:26)} 23. Bc3 {(00:15)}
Qc8 {(02:46)} 24. d5 {(00:15)} exd5 {(04:54)} 25. exd5 {
(00:12)} cxd5 {(03:08)} 26. Bxd5 {(00:11)} Rb8 {(
00:14)} 27. Qd4 {(02:05)} Bf6 {(02:06)} 28. Rxf6 {(00:26)}
Rxb4 {(00:03)} 29. Bxb4 {(03:41)} gxf6 {(00:12)} 30. Qxf6
{(03:37)} Qd8 {(03:15)} 31. Bxf7+ {(00:08)} 1-0

[Event "42nd Olympiad Baku 2016 Open"]
[Site "Baku"]
[Date "2016.09.05"]
[Round "4.19"]
[White "Chinasamy, Devarajen"]
[Black "Pang Yui Kuen"]
[Result "0-1"]
[ECO "B07"]
[WhiteElo "2018"]
[BlackElo "1963"]
[Annotator ""]
[PlyCount "76"]
[EventDate "2016.??.??"]
[EventCountry "AZE"]
[SourceTitle "playchess.com"]
[Source "ChessBase"]
[WhiteTeam "Mauritius"]
[BlackTeam "Hong Kong"]
[WhiteTeamCountry "MRI"]
[BlackTeamCountry "HKG"]
[TimeControl "40/5400+30:1800+30"]

1. e4 {(00:00)} d6 {(00:00)} 2. d4 {(00:00)} c6 {(
00:00)} 3. Nc3 {(00:27)} Nf6 {(00:04)} 4. Be3 {(03:35)}
Qa5 {(02:37)} 5. f3 {(00:27)} g6 {(04:43)} 6. Nge2 {
(01:03)} Bg7 {(05:05)} 7. Nc1 {(01:50)} O-O {(01:
13)} 8. Nb3 {(00:06)} Qc7 {(00:21)} 9. Qd2 {(00:47)} b5 {
(01:47)} 10. Bh6 {(07:43)} Nbd7 {(04:25)} 11. Bxg7 {
(00:12)} Kxg7 {(00:05)} 12. Be2 {(04:55)} Nb6 {(03:
31)} 13. Na5 {(07:58)} a6 {(03:44)} 14. b4 {(02:32)} c5 {
(10:09)} 15. a3 {(02:37)} cxd4 {(03:02)} 16. Qxd4 {
(00:51)} e5 {(03:42)} 17. Qd2 {(01:47)} Be6 {(00:
12)} 18. Bd3 {(03:19)} Rac8 {(03:11)} 19. Ne2 {(00:17)}
Nc4 {(05:17)} 20. Bxc4 {(02:31)} Bxc4 {(00:08)} 21. Nxc4 {
(11:12)} Qxc4 {(00:10)} 22. Qxd6 {(06:19)} Rfd8 {(
02:23)} 23. Qxe5 {(00:28)} Qxc2 {(01:04)} 24. Kf2 {(03:13]
} Rd2 {(00:53)} 25. Rhe1 {(00:14)} Qd3 {(01:34)} 26. Qf4 {
(19:43)} Rcc2 {(08:15)} 27. Qe3 {(00:20)} Rxe2+ {(
00:12)} 28. Rxe2 Rxe2+ 29. Qxe2 Qd4+ 30. Qe3 {(02:18)} Qxa1 {(01:
04)} 31. g4 {(01:41)} Qe5 {(00:57)} 32. Kg2 {(00:06)} Nd5
{(00:51)} 33. Qd2 {(02:02)} Nf4+ {(00:06)} 34. Kf2 {
(00:29)} g5 {(00:21)} 35. Kf1 {(03:34)} Qa1+ {(00:
35)} 36. Kf2 {(02:26)} Qxa3 37. Qd4+ Kg6 {(03:07)} 38. Qd2 {
(03:27)} Qxb4 {(00:21)} 0-1

[Event "42nd Olympiad Baku 2016 Open"]
[Site "Baku"]
[Date "2016.09.05"]
[Round "4.6"]
[White "Chon, Yongjoon"]
[Black "Maharjan, Sajin"]
[Result "0-1"]
[ECO "B24"]
[WhiteElo "2025"]
[BlackElo "2034"]
[Annotator ""]
[PlyCount "84"]
[EventDate "2016.??.??"]
[EventCountry "AZE"]
[SourceTitle "playchess.com"]
[Source "ChessBase"]
[WhiteTeam "Korea"]
[BlackTeam "Nepal"]
[WhiteTeamCountry "KOR"]
[BlackTeamCountry "NEP"]
[TimeControl "40/5400+30:1800+30"]

1. e4 {(00:00)} c5 {(00:00)} 2. Nc3 {(00:00)} Nc6 {
(00:04)} 3. Bb5 {(00:00)} g6 {(01:39)} 4. Bxc6 {(
00:00)} dxc6 {(00:36)} 5. d3 {(00:09)} Bg7 {(01:00)} 6. f4
{(00:38)} c4 {(04:50)} 7. Nf3 {(11:01)} cxd3 {(02:
15)} 8. cxd3 {(00:21)} Qb6 {(03:37)} 9. Qe2 {(01:58)} Bg4
{(01:13)} 10. Be3 {(25:54)} Bxf3 {(01:17)} 11. gxf3 {
(00:02)} Bd4 {(00:49)} 12. Nd1 {(05:07)} Nf6 {(02:
36)} 13. Bxd4 {(06:25)} Qxd4 {(01:09)} 14. Qe3 {(00:02)}
O-O-O {(09:19)} 15. Qxd4 {(00:14)} Rxd4 {(00:02)} 16. Ke2
{(00:02)} Rhd8 {(04:07)} 17. Nf2 {(00:01)} Nd7 {(
03:06)} 18. Rac1 {(00:15)} Nb6 {(01:29)} 19. Ke3 {(03:58)}
Kc7 {(10:21)} 20. b3 {(00:32)} a5 {(11:49)} 21. a3 {
(00:08)} a4 {(02:31)} 22. b4 {(00:07)} Nc8 {(01:22]
} 23. h4 {(02:13)} h5 {(07:57)} 24. Rhg1 {(00:15)} Na7 {
(00:13)} 25. Rg5 {(04:07)} e6 {(02:52)} 26. Ra5 {(
24:01)} Kb8 {(03:12)} 27. Rac5 {(06:51)} Nb5 {(01:37)} 28.
Ra1 {(00:01)} Kc7 {(02:52)} 29. Rc4 {(00:22)} R4d7 {
(00:39)} 30. Nh3 {(02:19)} Rxd3+ {(00:11)} 31. Kf2 {
(00:27)} Rxa3 {(00:59)} 32. Rxa3 {(01:04)} Nxa3 {(
00:10)} 33. Rc1 {(00:05)} b5 {(01:14)} 34. Ng5 {(00:05)}
Rd7 {(00:42)} 35. e5 {(00:15)} Nc4 {(00:51)} 36. Ne4 {
(00:05)} Rd4 {(04:25)} 37. Ng5 {(01:22)} Nb2 {(03:
28)} 38. Nxf7 {(01:00)} Rxf4 {(00:16)} 39. Ng5 {(03:07)}
Nd3+ {(01:45)} 40. Ke3 {(00:00)} Nxc1 {(00:00)} 41. Kxf4 {
(00:08)} Kd7 {(02:38)} 42. Ne4 {(00:03)} a3 0-1

[Event "42nd Olympiad Baku 2016 Open"]
[Site "Baku"]
[Date "2016.09.05"]
[Round "4.26"]
[White "Choukri, Adel"]
[Black "Ranaivoharisoa, Alain"]
[Result "1/2-1/2"]
[ECO "D27"]
[WhiteElo "2269"]
[BlackElo "2169"]
[Annotator ""]
[PlyCount "160"]
[EventDate "2016.??.??"]
[EventCountry "AZE"]
[SourceTitle "playchess.com"]
[Source "ChessBase"]
[WhiteTeam "Morocco"]
[BlackTeam "Madagascar"]
[WhiteTeamCountry "MAR"]
[BlackTeamCountry "MAD"]
[TimeControl "40/5400+30:1800+30"]

1. d4 {(00:00)} d5 {(00:08)} 2. c4 {(00:23)} dxc4 {
(00:29)} 3. e3 {(00:08)} Nf6 {(00:41)} 4. Bxc4 {(
00:14)} e6 {(00:09)} 5. Nf3 {(00:26)} a6 {(00:30)} 6. O-O
{(00:22)} c5 {(00:34)} 7. a4 {(03:35)} Nc6 {(00:56]
} 8. Nc3 {(00:20)} Be7 {(03:09)} 9. dxc5 {(05:35)} Qxd1 {
(06:38)} 10. Rxd1 {(00:03)} Bxc5 {(00:09)} 11. Ne1 {
(03:33)} Bd7 {(07:26)} 12. Nd3 {(00:27)} Bd6 {(00:
31)} 13. e4 {(07:20)} Ne5 {(05:12)} 14. Bb3 {(14:14)} Nxd3
{(12:02)} 15. Rxd3 {(00:13)} Be5 {(00:43)} 16. f3 {
(01:07)} O-O {(04:16)} 17. Be3 {(03:59)} Bc6 {(02:
53)} 18. Rad1 {(00:42)} Bc7 {(04:21)} 19. Kf2 {(27:54)}
Rfd8 {(03:24)} 20. Bc2 {(03:39)} Rxd3 {(15:18)} 21. Bxd3 {
(00:10)} Rd8 {(03:04)} 22. g3 {(01:00)} Ba5 {(04:
50)} 23. Bc2 {(02:08)} Rxd1 {(04:31)} 24. Nxd1 {(00:15)}
Nd7 {(01:04)} 25. Ke2 {(00:22)} Bb4 {(03:27)} 26. Nf2 {
(02:51)} Kf8 {(03:39)} 27. Nd3 {(00:45)} Bd6 {(00:
42)} 28. Bd2 {(00:56)} Bc7 {(05:17)} 29. Nb4 {(01:23)} Nb8
{(00:08)} 30. Nxc6 {(01:24)} Nxc6 {(00:05)} 31. Bd1 {
(01:06)} Ke7 {(02:11)} 32. f4 {(01:33)} Ba5 {(00:
57)} 33. Be3 {(00:36)} Bb4 {(02:07)} 34. Kd3 {(01:43)} Kd7
{(00:18)} 35. Kc4 {(05:07)} Be7 {(00:39)} 36. Bd2 {
(00:26)} Kc7 {(01:34)} 37. b4 {(01:13)} Nb8 {(02:
13)} 38. b5 {(05:57)} Kb6 {(01:04)} 39. a5+ {(02:18)} Kc7
{(00:15)} 40. b6+ {(00:00)} Kc8 {(00:00)} 41. Ba4 {
(05:27)} Nd7 {(06:46)} 42. Bc3 {(00:37)} g6 {(01:
01)} 43. Bc2 {(01:35)} Bc5 {(04:00)} 44. f5 {(04:22)} Bg1
{(05:37)} 45. h3 {(00:27)} Bf2 {(01:58)} 46. g4 {(
00:20)} Bg3 {(02:02)} 47. Kd3 {(04:10)} Bd6 {(02:16)} 48.
Ke3 {(00:40)} Kd8 {(00:48)} 49. fxg6 {(05:40)} fxg6 {
(00:41)} 50. Bb3 {(02:26)} Ke7 {(00:31)} 51. Kf3 {(
01:22)} g5 {(05:37)} 52. Bc2 {(01:22)} Ne5+ {(00:24)} 53.
Ke3 {(00:43)} Kd8 {(01:16)} 54. Bd1 {(01:57)} Ke7 {
(00:58)} 55. Ke2 {(03:05)} Kf7 {(04:31)} 56. Bd2 {(
01:03)} h6 {(00:14)} 57. Bc3 {(01:14)} Ke7 {(00:26)} 58.
Ba4 {(00:32)} Kd8 {(00:45)} 59. Ke3 {(01:15)} Bc5+ {
(00:12)} 60. Ke2 {(01:16)} Bd6 {(00:06)} 61. Bd1 {(
01:38)} Ke7 {(00:42)} 62. Kd2 {(00:38)} Kd8 {(00:42)} 63.
Be2 {(00:22)} Kd7 {(00:35)} 64. Kc2 {(00:25)} Kd8 {
(00:41)} 65. Kb3 {(00:15)} Kd7 {(00:29)} 66. Be1 {(
00:47)} Ke7 {(01:26)} 67. h4 {(00:44)} Kf6 {(00:37)} 68.
h5 {(02:18)} Kf7 {(00:30)} 69. Bc3 {(01:13)} Ke7 {(
00:16)} 70. Ka4 {(00:55)} Kf6 {(00:39)} 71. Bd1 {(00:37)}
Ke7 {(00:33)} 72. Bd4 {(00:04)} Kf7 {(00:19)} 73. Bc3 {
(00:56)} Ke7 {(00:12)} 74. Be2 {(00:07)} Kd7 {(00:
42)} 75. Bd4 {(00:50)} Ke7 {(00:36)} 76. Ba1 {(00:21)} Kd7
{(00:11)} 77. Bb2 {(00:39)} Ke7 {(00:20)} 78. Bc3 {
(00:39)} Kd7 {(00:08)} 79. Bd4 {(00:09)} Ke7 {(00:
09)} 80. Ba1 {(00:44)} Kd7 {(00:09)} 1/2-1/2

[Event "42nd Olympiad Baku 2016 Open"]
[Site "Baku"]
[Date "2016.09.05"]
[Round "4.10"]
[White "Chunguane, Ilidio Alberto"]
[Black "Gavarrete, Nahun"]
[Result "1/2-1/2"]
[ECO "D83"]
[WhiteElo "2034"]
[BlackElo "2149"]
[Annotator ""]
[PlyCount "63"]
[EventDate "2016.??.??"]
[EventCountry "AZE"]
[SourceTitle "playchess.com"]
[Source "ChessBase"]
[WhiteTeam "Mozambique"]
[BlackTeam "Honduras"]
[WhiteTeamCountry "MOZ"]
[BlackTeamCountry "HON"]
[TimeControl "40/5400+30:1800+30"]

1. d4 {(00:00)} Nf6 {(00:00)} 2. c4 {(00:43)} g6 {(
00:00)} 3. Nc3 {(00:23)} d5 {(00:00)} 4. Bf4 {(04:03)} Bg7
{(00:09)} 5. e3 {(00:13)} O-O {(00:10)} 6. Qb3 {(
03:44)} dxc4 {(01:20)} 7. Bxc4 {(00:25)} Nc6 {(02:50)} 8.
Be2 {(06:35)} Nd7 {(07:43)} 9. Nf3 {(02:10)} h6 {(
06:34)} 10. Rd1 {(01:46)} g5 {(08:02)} 11. Bg3 {(01:25)}
g4 {(00:18)} 12. Nh4 {(04:11)} e5 {(03:04)} 13. dxe5 {
(05:02)} Bxe5 {(01:24)} 14. Bxg4 {(02:12)} Nc5 {(
05:06)} 15. Qc4 {(19:13)} Qg5 {(12:46)} 16. Bxc8 {(02:28)}
Bxg3 {(01:01)} 17. hxg3 {(01:12)} Ne5 {(00:28)} 18. Qe2 {
(04:15)} Raxc8 {(00:22)} 19. Nf3 {(00:18)} Nxf3+ {(
00:31)} 20. Qxf3 {(00:26)} Rcd8 {(00:49)} 21. O-O {(04:54]
} c6 {(02:50)} 22. Ne4 {(04:22)} Nxe4 {(01:07)} 23. Qxe4 {
(00:09)} Rxd1 {(00:18)} 24. Rxd1 {(00:24)} Rd8 {(
00:11)} 25. Rd4 {(01:00)} Rxd4 {(00:20)} 26. Qxd4 {(01:16]
} Qa5 {(00:10)} 27. Qg4+ {(02:53)} Kh7 {(02:21)} 28. Qe4+
{(02:02)} Kg7 {(00:18)} 29. Qd4+ {(01:14)} Kg8 {(
00:20)} 30. Qg4+ {(00:11)} Kh7 {(00:07)} 31. Qe4+ {(00:40]
} Kg7 {(00:14)} 32. Qd4+ {(00:20)} 1/2-1/2

[Event "42nd Olympiad Baku 2016 Open"]
[Site "Baku"]
[Date "2016.09.05"]
[Round "4.9"]
[White "Colindres, Daniel"]
[Black "Alice, Mateus Felizardo Vi"]
[Result "1/2-1/2"]
[ECO "B22"]
[WhiteElo "2166"]
[BlackElo "2164"]
[Annotator ""]
[PlyCount "74"]
[EventDate "2016.??.??"]
[EventCountry "AZE"]
[SourceTitle "playchess.com"]
[Source "ChessBase"]
[WhiteTeam "Honduras"]
[BlackTeam "Mozambique"]
[WhiteTeamCountry "HON"]
[BlackTeamCountry "MOZ"]
[TimeControl "40/5400+30:1800+30"]

1. e4 {(00:00)} c5 {(00:00)} 2. c3 {(00:00)} Nf6 {(
00:00)} 3. e5 {(00:00)} Nd5 {(00:00)} 4. d4 {(00:00)} cxd4
{(00:00)} 5. Nf3 {(00:10)} e6 {(01:43)} 6. cxd4 {(
03:05)} d6 {(03:19)} 7. Bc4 {(04:19)} Nb6 {(00:33)} 8. Bb3
{(00:13)} Nc6 {(00:10)} 9. O-O {(00:29)} Be7 {(02:
40)} 10. Nc3 {(00:46)} O-O {(00:16)} 11. Qe2 {(04:03)} d5
{(01:46)} 12. Bf4 {(02:59)} Bd7 {(00:28)} 13. Rad1 {
(00:28)} Rc8 {(00:10)} 14. Bc2 {(00:13)} Nb4 {(00:
43)} 15. Bb1 {(00:17)} a6 {(01:20)} 16. a3 {(07:30)} Rxc3
{(04:15)} 17. bxc3 {(00:24)} Bb5 {(00:09)} 18. Qb2 {
(07:40)} Bxf1 {(01:33)} 19. Rxf1 {(09:24)} Nc6 20. Bd3 {
(00:09)} Na5 {(04:47)} 21. Nd2 {(10:09)} h6 {(01:
07)} 22. Rb1 {(00:21)} Na4 {(00:56)} 23. Qc2 {(00:09)} b5
{(00:13)} 24. Bxb5 {(00:52)} axb5 {(19:12)} 25. Rxb5 {
(00:11)} Nxc3 {(07:38)} 26. Qxc3 {(00:35)} Nc4 {(
00:04)} 27. Nxc4 {(05:54)} dxc4 {(00:09)} 28. Qxc4 {(00:
37)} Bxa3 {(00:08)} 29. d5 {(01:18)} exd5 {(00:06)} 30.
Rxd5 {(00:19)} Qh4 {(04:33)} 31. g3 {(10:07)} Qg4 {
(01:42)} 32. Qd3 {(05:42)} Be7 {(04:43)} 33. Kg2 {(
00:46)} Qe6 {(00:43)} 34. Rd7 {(05:20)} g5 {(01:14)} 35.
Bd2 {(02:26)} Qxe5 {(00:40)} 36. Bc3 {(07:39)} Qe6 {
(07:31)} 37. Qd4 {(02:34)} f6 {(00:55)} 1/2-1/2

[Event "42nd Olympiad Baku 2016 Open"]
[Site "Baku"]
[Date "2016.09.05"]
[Round "4.3"]
[White "Colovic, Aleksandar"]
[Black "Escobar Forero, Alder"]
[Result "1/2-1/2"]
[ECO "A53"]
[WhiteElo "2432"]
[BlackElo "2510"]
[Annotator ""]
[PlyCount "60"]
[EventDate "2016.??.??"]
[EventCountry "AZE"]
[SourceTitle "playchess.com"]
[Source "ChessBase"]
[WhiteTeam "Macedonia"]
[BlackTeam "Colombia"]
[WhiteTeamCountry "MKD"]
[BlackTeamCountry "COL"]
[TimeControl "40/5400+30:1800+30"]

1. d4 {(00:00)} Nf6 {(00:00)} 2. c4 {(00:00)} d6 {(
00:04)} 3. Nf3 {(00:32)} Nbd7 {(00:36)} 4. Nc3 {(00:12)}
e5 {(00:08)} 5. Bg5 {(01:50)} Be7 {(00:14)} 6. e3 {
(00:04)} O-O {(01:11)} 7. Qc2 {(00:06)} exd4 {(03:
49)} 8. Nxd4 {(00:04)} Re8 {(02:33)} 9. Be2 {(01:16)} Nc5
{(04:56)} 10. O-O {(04:50)} Ne6 {(21:23)} 11. Bh4 {
(10:52)} Nxd4 {(05:13)} 12. exd4 {(00:34)} Nd5 {(
10:12)} 13. Bxe7 {(12:37)} Nxe7 {(00:10)} 14. Bd3 {(01:49]
} h6 {(05:44)} 15. Bh7+ {(02:29)} Kh8 {(01:46)} 16. Be4 {
(00:06)} Ng8 {(01:02)} 17. Rfe1 {(10:03)} c6 {(03:
02)} 18. Qd2 {(12:24)} Bd7 {(04:58)} 19. Bc2 {(06:04)} Nf6
{(14:26)} 20. Qf4 {(05:51)} Qb6 {(04:33)} 21. b3 {(
09:25)} Qb4 {(01:04)} 22. Qd2 {(01:53)} Rxe1+ {(03:11)}
23. Rxe1 {(00:01)} Kg8 {(02:03)} 24. Ne4 {(01:41)} Qxd2 {
(00:13)} 25. Nxd2 {(00:03)} Kf8 {(00:16)} 26. Kf1 {
(00:48)} Re8 {(01:27)} 27. Rxe8+ {(00:50)} Kxe8 {(
00:12)} 28. Ke2 {(01:12)} Ke7 {(00:21)} 29. f3 {(03:27)}
g6 {(01:53)} 30. Ke3 {(05:20)} b6 {(01:26)} 1/2-1/2

[Event "42nd Olympiad Baku 2016 Open"]
[Site "Baku"]
[Date "2016.09.05"]
[Round "4.38"]
[White "Cori, Jorge"]
[Black "Salgado Lopez, Ivan"]
[Result "0-1"]
[ECO "A48"]
[WhiteElo "2609"]
[BlackElo "2662"]
[Annotator ""]
[PlyCount "120"]
[EventDate "2016.??.??"]
[EventCountry "AZE"]
[SourceTitle "playchess.com"]
[Source "ChessBase"]
[WhiteTeam "Peru"]
[BlackTeam "Spain"]
[WhiteTeamCountry "PER"]
[BlackTeamCountry "ESP"]
[TimeControl "40/5400+30:1800+30"]

1. d4 {(00:00)} Nf6 {(00:00)} 2. Nf3 {(00:00)} g6 {
(00:00)} 3. Bf4 {(00:00)} Bg7 {(00:00)} 4. e3 {(00:
10)} O-O {(00:11)} 5. h3 {(03:40)} d6 {(00:08)} 6. Be2 {
(01:52)} b6 {(00:08)} 7. O-O {(00:10)} Bb7 {(00:06]
} 8. a4 {(00:08)} a5 {(00:13)} 9. Nbd2 {(02:29)} Nbd7 {
(00:15)} 10. c3 {(02:45)} Re8 {(00:23)} 11. Bh2 {(
03:24)} e5 {(00:12)} 12. dxe5 {(00:05)} dxe5 {(00:06)} 13.
Qc2 {(06:21)} Qe7 {(00:13)} 14. Rfd1 {(00:07)} Red8 {
(00:19)} 15. Bg3 {(23:23)} Ne8 {(01:37)} 16. Nc4 {(
00:10)} f6 {(02:05)} 17. Nfd2 {(00:38)} Bf8 {(07:03)} 18.
Rdb1 {(06:15)} Bd5 {(12:29)} 19. b4 {(02:42)} Nd6 {
(01:18)} 20. Nxd6 {(14:56)} Qxd6 {(01:58)} 21. c4 {
(06:57)} Bf7 {(05:46)} 22. c5 {(04:33)} bxc5 {(02:
32)} 23. bxa5 {(00:44)} Nb8 {(05:50)} 24. Bf3 {(07:58)}
Ra7 {(02:28)} 25. Rd1 {(07:29)} Qe7 {(01:40)} 26. Nc4 {
(02:06)} Rxd1+ {(02:26)} 27. Rxd1 {(00:02)} Na6 {(
00:24)} 28. Be2 {(01:27)} Nb4 {(00:32)} 29. Qd2 {(00:06)}
Kg7 {(03:40)} 30. f3 {(02:22)} Be6 {(10:48)} 31. Qc3 {
(01:28)} Qe8 {(02:18)} 32. Ra1 {(01:00)} Kg8 {(02:
18)} 33. e4 {(00:27)} Nc6 {(01:14)} 34. Be1 {(00:28)} Qa8
{(02:34)} 35. Rb1 {(00:17)} Nd4 {(00:48)} 36. Bf1 {
(00:13)} Qc6 {(00:44)} 37. Rb8 {(00:26)} Kg7 {(01:
05)} 38. Nd2 {(01:10)} Bd6 {(00:54)} 39. Bb5 {(00:24)}
Qxb5 {(00:15)} 40. axb5 {(00:00)} Ne2+ {(00:00)} 41. Kh2 {
(04:52)} Nxc3 {(00:14)} 42. b6 {(00:02)} Rxa5 {(10:
26)} 43. bxc7 {(01:00)} Bxc7 {(00:33)} 44. Rb7 {(00:11)}
Nb5 {(00:25)} 45. Nb1 {(05:31)} Ra6 {(08:11)} 46. Rxb5 {
(00:12)} Rc6 {(00:25)} 47. Rb7 {(01:29)} Kh6 {(04:
38)} 48. h4 {(04:50)} g5 {(00:21)} 49. Bd2 {(00:10)} Kg6 {
(01:05)} 50. hxg5 {(00:06)} fxg5 {(00:06)} 51. Nc3 {
(00:17)} Bd8 {(04:54)} 52. Be3 {(01:37)} c4 {(01:
09)} 53. Rb5 {(00:31)} Ra6 {(02:21)} 54. Rc5 {(04:56)} Ra3
{(01:54)} 55. Bd2 {(00:11)} Kf7 {(03:18)} 56. Nb5 {
(06:06)} Rd3 {(01:52)} 57. Be1 {(01:49)} Rd1 {(02:
26)} 58. Bc3 {(01:51)} Bb6 {(00:40)} 59. Rc6 {(01:22)}
Bg1+ {(00:31)} 60. Kg3 {(00:04)} h5 {(00:28)} 0-1

[Event "42nd Olympiad Baku 2016 Open"]
[Site "Baku"]
[Date "2016.09.05"]
[Round "4.40"]
[White "Cruz, Cristhian"]
[Black "Vazquez Igarza, Renier"]
[Result "1/2-1/2"]
[ECO "E53"]
[WhiteElo "2519"]
[BlackElo "2580"]
[Annotator ""]
[PlyCount "85"]
[EventDate "2016.??.??"]
[EventCountry "AZE"]
[SourceTitle "playchess.com"]
[Source "ChessBase"]
[WhiteTeam "Peru"]
[BlackTeam "Spain"]
[WhiteTeamCountry "PER"]
[BlackTeamCountry "ESP"]
[TimeControl "40/5400+30:1800+30"]

1. d4 {(00:00)} Nf6 {(00:00)} 2. c4 {(00:00)} e6 {(
00:22)} 3. Nc3 {(00:47)} Bb4 {(00:09)} 4. e3 {(00:16)} O-O
{(00:08)} 5. Bd3 {(01:11)} c5 {(00:19)} 6. Nf3 {(
00:43)} d5 {(00:23)} 7. O-O {(00:50)} b6 {(00:06)} 8. cxd5
{(13:46)} exd5 {(06:12)} 9. dxc5 {(01:15)} bxc5 {(
00:14)} 10. Ne2 {(01:54)} c4 {(07:20)} 11. Bc2 {(00:14)}
Nc6 {(00:32)} 12. Bd2 {(07:02)} Rb8 {(02:33)} 13. Ned4 {
(08:48)} Nxd4 {(06:05)} 14. Nxd4 {(00:05)} Qc7 {(
01:56)} 15. Bxb4 {(09:38)} Rxb4 {(00:07)} 16. Qd2 {(00:15]
} Rb6 {(01:02)} 17. Rfc1 {(05:55)} Rd8 {(12:31)} 18. f3 {
(05:05)} Nd7 {(21:52)} 19. b3 {(11:24)} Ne5 {(00:
18)} 20. Bd1 {(04:01)} Qe7 {(06:06)} 21. Be2 {(01:41)} Rg6
{(03:03)} 22. Rc3 {(05:53)} Qh4 {(07:53)} 23. Qe1 {
(04:47)} Qf6 {(02:01)} 24. Kh1 {(02:11)} Ba6 {(07:
19)} 25. Rac1 {(01:29)} Re8 {(03:00)} 26. Qf1 {(04:30)} h5
{(01:37)} 27. Rd1 {(03:42)} h4 {(00:32)} 28. f4 {(
02:01)} Nd3 {(02:53)} 29. Bxd3 {(02:43)} cxd3 {(00:03)}
30. Rc6 {(01:09)} Qe7 {(01:04)} 31. Rxg6 {(01:34)} fxg6 {
(00:11)} 32. Qf3 {(00:03)} Qxe3 {(01:19)} 33. Qxd5+ {
(00:03)} Kh8 {(01:06)} 34. h3 {(01:04)} Bb7 {(03:
38)} 35. Qxb7 {(00:30)} Qxd4 {(00:01)} 36. Qf7 {(00:37)}
Re2 {(03:05)} 37. Qxg6 {(00:18)} Qf2 {(00:43)} 38. Qh5+ {
(00:55)} Kg8 {(00:01)} 39. Qd5+ {(00:28)} Kf8 {(00:
41)} 40. Qd8+ {(00:00)} Kf7 {(00:00)} 41. Qd7+ {(08:39)}
Kf8 {(00:55)} 42. Qd8+ {(06:02)} Kf7 {(00:16)} 43. Qd7+ {
(00:11)} 1/2-1/2